 Dungeon Crawl Stone Soup version 0.21-a0-426-g98080a9 (webtiles) character file.

68 HAL9000 the Sneak (level 4, -3/23 HPs)
             Began as a Vine Stalker Assassin on Nov 7, 2017.
             Slain by a gnoll
             ... wielding a +0 halberd
              (13 damage)
             ... on level 2 of the Dungeon.
             The game lasted 00:04:40 (2316 turns).

HAL9000 the Sneak (Vine Stalker Assassin)           Turns: 2316, Time: 00:04:41

Health: -3/23      AC:  3    Str: 14    XL:     4   Next: 19%
Magic:  0/5        EV: 11    Int: 11    God:
Gold:   42         SH:  0    Dex: 16    Spells: 3/3 levels left

rFire    . . .     SeeInvis .   a - +2 dagger
rCold    . . .     Gourm    .   (no shield)
rNeg     . . .     Faith    .   c - +0 robe
rPois    .         Spirit   +   (no helmet)
rElec    .         Reflect  .   o - +0 cloak
rCorr    .         Harm     .   (no gloves)
MR       .....                  (no boots)
Stlth    +++.......             (no amulet)
HPRegen  0.47/turn              (no ring)
MPRegen  0.09/turn              (no ring)

@: no status effects
A: fangs 2, regeneration 1, magic shield, antimagic bite, no potion heal 3, rot
immunity
a: no special abilities


You were on level 2 of the Dungeon.
You were not hungry.

You visited 1 branch of the dungeon, and saw 2 of its levels.

You collected 42 gold pieces.

Inventory:

Hand Weapons
 a - a +2 dagger (weapon)
 b - a +0 blowgun
Missiles
 e - 5 poisoned needles
 f - 2 curare-tipped needles
Armour
 c - a +0 robe (worn)
 d - a +0 cloak
 n - a +0 buckler
 o - a +0 cloak (worn)
Scrolls
 h - 4 scrolls of identify {unknown}
 i - a scroll of recharging {unknown}
 j - a scroll of magic mapping {unknown}
 k - a scroll of noise {unknown}
 l - a scroll of teleportation {unknown}
Potions
 q - a potion of heal wounds {unknown}
Comestibles
 g - 3 bread rations
 p - 4 fruits
 r - a chunk of flesh


   Skills:
 - Level 1.7 Fighting
 + Level 3.5 Short Blades
 - Level 1.7 Throwing
 - Level 0.7 Dodging
 - Level 4.8 Stealth
 + Level 1.3 Shields


You had 3 spell levels left.
You didn't know any spells.

Dungeon Overview and Level Annotations

Branches:
Dungeon (2/15)

Altars:
Nemelex Xobeh


Innate Abilities, Weirdness & Mutations

You have extremely sharp teeth.
Your natural rate of healing is unusually fast.
When hurt, damage is shared between your health and your magic reserves.
Your bite disrupts and absorbs the magic of your enemies.
Potions cannot restore your health.
You are immune to rotting.


Message History

Found 13 gold pieces.
A bat comes into view. 2 gnolls come into view.
The gnoll moves out of view.
The gnoll hits you with a halberd. The bat hits you but does no damage.
The gnoll shouts!
You hit the gnoll. Your bite misses the gnoll.
The gnoll is moderately wounded.
The bat closely misses you. The gnoll hits you with a halberd!
Ouch! That really hurt!
Unknown command.
The bat closely misses you. The bat hits you.
The bat hits you but does no damage. The bat barely misses you.
The bat barely misses you. The bat hits you.
The gnoll hits you from afar with a halberd!
Ouch! That really hurt!
You die...

..###oo.o..... $#..# .# ..#
#.o....... #..# .# ..#
#......... #..# .# #### ###
##..8...8. #..# .#....#
#........ ##..####.#....#
#.####### #.........$...#
#.. #...........#
##################g.g......#
...............)@b.g.......#
.)............###g.........#
....#########.##...........#
....# #.##...........#
....#########.##.....#######
..............##.......
...#############.##'####
#### #. .# #. .#


You could see 4 gnolls and a bat.

Vanquished Creatures
  A worker ant (D:2)
  A worm (D:2)
  A dart slug (D:1)
  2 leopard geckos
  2 orcs (D:2)
  A ball python (D:2)
  5 bats
  3 giant cockroaches (D:2)
  3 hobgoblins
  3 jackals (D:2)
  A quokka (D:2)
  5 frilled lizards
  4 goblins
  A kobold (D:2)
  2 rats
35 creatures vanquished.

Notes
Turn   | Place    | Note
-------+----------+-------------------------------------------
     0 | D:1      | HAL9000 the Vine Stalker Assassin began the quest for the Orb.
     0 | D:1      | Reached XP level 1. HP: 11/11 MP: 2/2
   263 | D:1      | Reached XP level 2. HP: 15/15 MP: 3/3
   829 | D:2      | Found a sparkling altar of Nemelex Xobeh.
   865 | D:2      | Reached XP level 3. HP: 18/18 MP: 4/4
  1316 | D:2      | Reached skill level 1 in Shields
  1316 | D:2      | Gained mutation: Your natural rate of healing is unusually fast. [Vine Stalker growth]
  1316 | D:2      | Reached XP level 4. HP: 22/23 MP: 5/5
  2316 | D:2      | Slain by a gnoll

Vault maps used:
D:1:      minmay_arrival_plants_in_alcoves
D:2:      cheibrodos_pilgrimage, nemelex_xobeh_ov_fountains_minmay,
          grunt_ministairs_4

Skill      XL: |  1  2  3 |
---------------+----------+-----
Short Blades   | 2 3 |  3.5
Shields        | 1 |  1.3
Fighting       | |  1.7
Throwing       | |  1.7
Dodging        | |  0.7
Stealth        | |  4.8

Action                   |  1- 3 |  4- 6 || total
-------------------------+-------+-------++-------
Melee: Dagger            |    76 |    36 ||   112
       Bite              |    20 |    11 ||    31
 Fire: Blowgun           |       |     3 ||     3
 Stab: Sleeping          |     7 |       ||     7
  Eat: Chunk             |     1 |     3 ||     4
Armor: Robe              |    14 |     3 ||    17
Dodge: Dodged            |    42 |    15 ||    57

Table legend:
 A = Spawn XP
 B = Non-spawn XP
 C = Spawn XP percentage of total XP
 D = Spawn monster count
 E = Non-spawn monster count
 F = Spawn count percentage of total count
 G = Total turns spent on level
                    A         B        C        D         E        F      G
               +---------+---------+-------+---------+---------+-------+---------
         Total |       0 |      98 |   0.0 |       0 |      35 |   0.0 |  2316
               +---------+---------+-------+---------+---------+-------+---------
           D:1 |       0 |      22 |   0.0 |       0 |      13 |   0.0 |  1487
           D:2 |       0 |      76 |   0.0 |       0 |      22 |   0.0 |   829
               +---------+---------+-------+---------+---------+-------+---------
